 Dungeon Crawl Stone Soup version 0.24.0-13-gcf9b3192b9 (webtiles) character file.

Game seed: 1649864068809729053, levelgen mode: deterministic

211 Aviak the Covered (level 5, -1/50 HPs)
             Began as a Deep Dwarf Fighter on Nov 9, 2019.
             Slain by Sigmund
             ... wielding a +0 scythe
              (9 damage)
             ... on level 3 of the Dungeon.
             The game lasted 00:02:23 (1224 turns).

Aviak the Covered (Deep Dwarf Fighter)              Turns: 1224, Time: 00:02:23

Health: -1/50      AC:  8    Str: 21    XL:     5   Next: 57%
Magic:  12/12 (3)  EV:  7    Int:  8    God:
Gold:   97         SH: 10    Dex: 12    Spells: 4/4 levels left

rFire    . . .     SeeInvis .   a - +0 war axe
rCold    . . .     Gourm    .   c - +0 shield
rNeg     . . .     Faith    .   b - +0 scale mail
rPois    .         Spirit   .   g - +0 hat
rElec    .         Reflect  .   (no cloak)
rCorr    .         Harm     .   k - +0 pair of gloves
MR       .....                  (no boots)
Stlth    ..........             (no amulet)
HPRegen  0.00/turn              q - ring of magical power
MPRegen  0.13/turn              (no ring)

@: non-regenerating
A: damage resistance, heal wounds, sense surroundings 1, no regeneration
a: Heal Wounds


You were on level 3 of the Dungeon.
You were hungry.

You visited 1 branch of the dungeon, and saw 3 of its levels.

You collected 97 gold pieces.

Inventory:

Hand Weapons
 a - a +0 war axe (weapon)
Armour
 b - a +0 scale mail (worn)
 c - a +0 shield (worn)
 g - a +0 hat (worn)
 k - a +0 pair of gloves (worn)
 y - a cursed -1 scale mail
Jewellery
 q - a ring of magical power (left hand)
 r - a +4 ring of intelligence
 x - an uncursed ring of fire
Wands
 w - a wand of flame (22)
Scrolls
 e - 2 scrolls of blinking {unknown}
 n - a scroll of noise {unknown}
 s - a scroll of enchant weapon {unknown}
 t - 2 scrolls of remove curse {unknown}
 u - a scroll of immolation {unknown}
Potions
 d - a potion of might
 h - a potion of degeneration {unknown}
 i - 2 potions of mutation {unknown}
 j - a potion of lignification {unknown}
 l - 2 potions of curing {unknown}
 m - 2 potions of invisibility {unknown}
 o - 2 potions of heal wounds {unknown}
 p - a potion of flight {unknown}
 v - a potion of magic {unknown}
Comestibles
 f - 4 rations
 z - a chunk of flesh


   Skills:
 + Level 3.7 Fighting
 + Level 3.7 Axes
 + Level 4.5 Armour
 + Level 4.4 Shields


You had 4 spell levels left.
You didn't know any spells.
Your spell library was empty.

Dungeon Overview and Level Annotations

Branches:
Dungeon (3/15)

Altars:
Elyvilon

Annotations:
D:3 Sigmund


Innate Abilities, Weirdness & Mutations

You are resistant to damage.
You can heal yourself by infusing magical energy.
You passively map a small area around you.
You do not regenerate.


Message History

Your shield and scale mail prevent you from hitting something.
Something hits you!
* * * LOW HITPOINT WARNING * * *
Unknown command.
Your magical essence is drained by the effort!
You feel much better.
You hear some strange, mumbled words.
You are confused.
Something hits you!
Found 10 gold pieces.
Things that are here:
a +0 dagger; a +1 ring of protection; a rat corpse You are no longer poisoned.
Something hits you. Something hits you!
* * * LOW HITPOINT WARNING * * *
Unknown command.
You feel less confused. Something hits you!
You die...

#...................#
#...................###
#......$..............#
#.......<...........#..
.#...................##.
..#.............#.)..##.
#........#...........#..
#.............###.#.##..
.......@......# #.#.##..
..##....{().?>###...##.#
##....(.(...###..##.# *
,#...............##.# *
* * #..##.#######.......
..... #.# ###.....
.....##.## #...#.
######....# ###.....
#....# ###....#..


There were no monsters in sight!

Vanquished Creatures
  A crimson imp (D:2)
  An orc priest (D:3)
  An orc wizard (D:3)
  5 adders
  2 worms (D:2)
  3 dart slugs
  A leopard gecko (D:2)
  2 orcs (D:3)
  7 bats
  3 giant cockroaches
  11 goblins
  6 hobgoblins
  4 jackals (D:1)
  2 quokkas
  A ball python (D:3)
  2 frilled lizards
  8 kobolds
  8 rats
68 creatures vanquished.

Notes
Turn   | Place    | Note
-------+----------+-------------------------------------------
     0 | D:1      | Aviak the Deep Dwarf Fighter began the quest for the Orb.
     0 | D:1      | Reached XP level 1. HP: 20/20 MP: 1/1
    65 | D:1      | Reached XP level 2. HP: 24/27 MP: 2/2
   301 | D:1      | Reached XP level 3. HP: 21/34 MP: 3/3
   735 | D:2      | Reached XP level 4. HP: 25/42 MP: 4/4
   851 | D:2      | Found a white marble altar of Elyvilon.
  1033 | D:2      | Reached XP level 5. HP: 28/49 MP: 5/5
  1138 | D:3      | HP: 2/49 [something/magic dart (1)]
  1196 | D:3      | Noticed Sigmund
  1224 | D:3      | Slain by Sigmund

Levels and vault maps discovered:
D:1:      mrwooster_arrival_statue_2, layout_basic, grunt_decor_mini_mirrors
D:2:      layout_loops_cross, elyvilon_altar_1
D:3:      layout_rooms, gammafunk_ghost_arena, minmay_bisected, uniq_sigmund

Skill      XL: |  1  2  3  4 |
---------------+-------------+-----
Fighting       | 3 |  3.7
Axes           | 3 |  3.7
Armour         | 4 |  4.5
Shields        | 4 |  4.4

Action                   |  1- 3 |  4- 6 || total
-------------------------+-------+-------++-------
Melee: War axe           |   127 |    90 ||   217
 Abil: Heal Wounds       |       |     5 ||     5
  Eat: Chunk             |       |     1 ||     1
Armor: Scale mail        |    61 |    58 ||   119
Dodge: Dodged            |    63 |    24 ||    87
Block: Shield            |    85 |    41 ||   126
